[Event "*** SCC Grand Prix: Titled Tuesday Blitz"]
[Site "Chess.com"]
[Date "2020.07.14"]
[Round "1"]
[White "Josip_buje"]
[Black "SzMM19"]
[Result "0-1"]
[WhiteElo "2289"]
[BlackElo "2594"]
[TimeControl "180+1"]
[EndTime "10:04:33 PDT"]
[Termination "SzMM19 won by resignation"]

1. d4 Nf6 2. Nf3 e6 3. Bg5 h6 4.
Bxf6 Qxf6 5. e3 c5 6. Nbd2 Nc6 7. c3 d5 8. Bd3 Bd6 9. O-O O-O 10. Qe2 b6 11.
Rfe1 Bb7 12. dxc5 Bxc5 13. e4 Rad8 14. exd5 exd5 15. Nf1 d4 16. cxd4 Nxd4 17. Nxd4 Bxd4 18. Rad1 Bxb2 19. Bc2 Bc3 20. Rxd8 Qxd8 21. Rd1 Qf6 22. Ng3 g6 23. Ne4 Bxe4 24. Qxe4 Bb4 25. g3 Bc5 26. Qe2 Kg7 27. Kg2 h5 28. Bb3 a5 29. Rd7 Qc6+ 0-1

[Event "*** SCC Grand Prix: Titled Tuesday Blitz"]
[Site "Chess.com"]
[Date "2020.07.14"]
[Round "1"]
[White "VladimirBelous"]
[Black "Kostya26"]
[Result "1-0"]
[WhiteElo "2724"]
[BlackElo "2382"]
[TimeControl "180+1"]
[EndTime "10:04:34 PDT"]
[Termination "VladimirBelous won by resignation"]

1. c4 e6 2. Nf3 d5 3. g3 Nf6 4.
Bg2 Be7 5. O-O O-O 6. d4 b6 7. Nc3 Bb7 8. Nd2 Nbd7 9. e4 dxe4 10. Ndxe4 Rb8 11. Qa4 a5 12. Be3 Nxe4 13. Nxe4 Nf6 14. Nxf6+ Bxf6 15. Bxb7 Rxb7 16. Rad1 Qe8 17. Qc2 Qd7 18.
d5 Rbb8 19. b3 Rfd8 20. dxe6 Qxe6 21. Bf4 Qc6 22. Qf5 g6 23. Qb5 Qb7 24. Rd7 Rxd7 25.
Qxd7 c6 26. Qd6 1-0

[Event "*** SCC Grand Prix: Titled Tuesday Blitz"]
[Site "Chess.com"]
[Date "2020.07.14"]
[Round "1"]
[White "GameOverBro"]
[Black "Ty3oB"]
[Result "1-0"]
[WhiteElo "2506"]
[BlackElo "2131"]
[TimeControl "180+1"]
[EndTime "10:04:35 PDT"]
[Termination "GameOverBro won by resignation"]

1. e4 e5 2. Nf3 d6 3. Nc3 Nf6 4. Bc4 Be7 5. d4 exd4 6. Nxd4 O-O 7. O-O c6 8. a4 a5 9. Re1 Na6 10. Qf3 Nb4 11. Bb3 Re8 12. Nf5 Bf8 13. Bg5 Be6 14.
Nh6+ gxh6 15. Bxf6 Qd7 16. Qg3+ Bg4 17. h3 h5 18.
hxg4 hxg4 19. Qf4 1-0

[Event "*** SCC Grand Prix: Titled Tuesday Blitz"]
[Site "Chess.com"]
[Date "2020.07.14"]
[Round "1"]
[White "LiviuDieterNisipeanu"]
[Black "Unknown_IM"]
[Result "1-0"]
[WhiteElo "2714"]
[BlackElo "2379"]
[TimeControl "180+1"]
[EndTime "10:04:39 PDT"]
[Termination "LiviuDieterNisipeanu won by resignation"]

1. d4 d5 2. c4 e6 3. Nf3 c6 4. g3 dxc4 5. Bg2 b5 6. O-O Bb7 7. Ne5 Nf6 8. a4 Qc8 9. Nc3 Be7 10. e4 a6 11. d5 exd5 12. exd5 b4 13. d6 Bd8 14.
Ne4 Nxe4 15. Bxe4 O-O 16. d7 Qc7 17. Bf4 g5 18. Qg4 Kh8 19. Nxf7+ Rxf7 20. Bxc7 Bxc7 21. Rad1 Bd8 22. Qe6 Re7 23. Qf6+ Kg8 24. Bf5 h6 25. Qg6+ Kh8 26. Qxh6+ 1-0

[Event "*** SCC Grand Prix: Titled Tuesday Blitz"]
[Site "Chess.com"]
[Date "2020.07.14"]
[Round "1"]
[White "Kosche007"]
[Black "vaishali2001"]
[Result "0-1"]
[WhiteElo "2305"]
[BlackElo "2616"]
[TimeControl "180+1"]
[EndTime "10:04:39 PDT"]
[Termination "vaishali2001 won by resignation"]

1. e4 c5 2. Nf3 Nc6 3. d4 cxd4 4. Nxd4 Nf6 5. Nc3 d6 6. Bg5 e6 7.
Qd2 a6 8. O-O-O Be7 9. f4 Bd7 10.
Nf3 b5 11. Bd3 b4 12. Ne2 Qb6 13. Kb1 O-O 14. e5 dxe5 15. fxe5 Nd5 16. Bxe7 Ncxe7 17. Ned4 Nc3+ 18. Ka1 Nxd1 19. Rxd1 Bb5 20. Ng5 h6 21. Ne4 Qxd4 22. Nf6+ Kh8 0-1

[Event "*** SCC Grand Prix: Titled Tuesday Blitz"]
[Site "Chess.com"]
[Date "2020.07.14"]
[Round "1"]
[White "m_ezat"]
[Black "DonPreuss"]
[Result "1-0"]
[WhiteElo "2527"]
[BlackElo "2197"]
[TimeControl "180+1"]
[EndTime "10:04:41 PDT"]
[Termination "m_ezat won by resignation"]

1. d4 Nc6 2. Nf3 d6 3. c4 g6 4. d5 Ne5 5. Nxe5 dxe5 6. e4 Bg7 7. c5 Nf6 8. Bb5+ Bd7 9. Bxd7+ Qxd7 10. Nc3 O-O 11. O-O a6 12. Qb3 Rab8 13. Bg5 Kh8 14. Rad1 h6 15. Bxf6 Bxf6 16. Qc4 Bg7 17. c6 bxc6 18.
dxc6 Qg4 19. h3 Qg5 20. b3 f5 21. Rd7 f4 22. f3 a5 23. Nd5 Bf6 24. Nxc7 Qh5 25.
Ne6 Rg8 26. c7 Rbc8 27. Rd8 g5 28. Rxg8+ Rxg8 29. Nd8 1-0

[Event "*** SCC Grand Prix: Titled Tuesday Blitz"]
[Site "Chess.com"]
[Date "2020.07.14"]
[Round "1"]
[White "llamalord42"]
[Black "Tash_Boy"]
[Result "0-1"]
[WhiteElo "2349"]
[BlackElo "2677"]
[TimeControl "180+1"]
[EndTime "10:04:43 PDT"]
[Termination "Tash_Boy won by resignation"]

1. e4 c5 2. Nf3 d6 3. Bb5+ Nd7 4. O-O a6 5. Bxd7+ Bxd7 6. d4 cxd4 7. Nxd4 Nf6 8. Re1 e5 9. Nb3 Be7 10. Nc3 h6 11. a4 O-O 12. a5 Rc8 13. Be3 Be6 14. Nd5 Nxd5 15. exd5 Bf5 16. c3 Qd7 17. Nd2 Bg6 18.
f4 exf4 19. Bxf4 Bf6 20. Ne4 Bxe4 21. Rxe4 Qf5 22. Rb4 Rfe8 23. Bxd6 Rcd8 24. Bg3 Rxd5 25. Qf1 Qd7 26. h3 Rd3 27. Rg4 h5 0-1

[Event "*** SCC Grand Prix: Titled Tuesday Blitz"]
[Site "Chess.com"]
[Date "2020.07.14"]
[Round "1"]
[White "iaraldinho"]
[Black "garfield_pg"]
[Result "1-0"]
[WhiteElo "2549"]
[BlackElo "2218"]
[TimeControl "180+1"]
[EndTime "10:04:46 PDT"]
[Termination "iaraldinho won by resignation"]

1. e4 c5 2. Nf3 a6 3. d4 cxd4 4.
Nxd4 Nf6 5. Nc3 e5 6. Nb3 Bb4 7.
Bd2 Nc6 8. Bd3 O-O 9. O-O d5 10. exd5 Nxd5 11. Nxd5 Qxd5 12. Bxb4 Nxb4 13. Be2 Qxd1 14.
Bxd1 Bf5 15. c3 Nd3 16. Bc2 Rfd8 17. Rad1 e4 18. Nd4 Bg6 19. Bxd3 exd3 20. Rfe1 b5 21. g4 b4 22. Nc6 bxc3 23. Nxd8 h5 24. Re8+ Kh7 25.
bxc3 f5 26. Rf8 fxg4 27. Ne6 Ra7 28. Ng5+ Kh6 29. f4 gxf3 30. h4 1-0

[Event "*** SCC Grand Prix: Titled Tuesday Blitz"]
[Site "Chess.com"]
[Date "2020.07.14"]
[Round "1"]
[White "carlesdc96"]
[Black "51616516516"]
[Result "1-0"]
[WhiteElo "2706"]
[BlackElo "2370"]
[TimeControl "180+1"]
[EndTime "10:04:51 PDT"]
[Termination "carlesdc96 won by resignation"]

1. Nf3 Nf6 2. d4 g6 3. Nbd2 d5 4. b4 Bg7 5. Bb2 O-O 6. e3 b6 7. c4 dxc4 8. Bxc4 Bb7 9. b5 a6 10. a4 axb5 11. axb5 Rxa1 12. Qxa1 c6 13. O-O cxb5 14. Bxb5 Nc6 15. Rc1 Na5 16. Ba3 Nd5 17. Qb2 h6 18. h3 Qa8 19. e4 Nf4 20. Bxe7 Re8 21. Bd6 Ne6 22. Bxe8 Qxe8 23. Qxb6 1-0

[Event "*** SCC Grand Prix: Titled Tuesday Blitz"]
[Site "Chess.com"]
[Date "2020.07.14"]
[Round "1"]
[White "MihailNik"]
[Black "Pavel_Mir"]
[Result "1-0"]
[WhiteElo "2683"]
[BlackElo "2358"]
[TimeControl "180+1"]
[EndTime "10:04:55 PDT"]
[Termination "MihailNik won by resignation"]

1. c4 g6 2. g3 Bg7 3. Bg2 Nc6 4. Nc3 e5 5. e4 d6 6. Nge2 f5 7. d3 Nf6 8. O-O O-O 9. h3 Be6 10. Nd5 Qd7 11. Bg5 Ne7 12. f4 Nexd5 13. cxd5 Bf7 14. fxe5 dxe5 15. Qb3 c6 16. dxc6 bxc6 17. Qc3 Nh5 18.
exf5 gxf5 19. Bxc6 Qc8 20. Bxa8 Qxa8 21. Rxf5 e4 22. d4 Rc8 23. Qe3 Rc2 24. Rxf7 Kxf7 25. Qb3+ Kg6 26. Qxc2 Kxg5 27. Rf1 Qd5 28. Qc5 Nxg3 29.
Qxd5+ 1-0

[Event "*** SCC Grand Prix: Titled Tuesday Blitz"]
[Site "Chess.com"]
[Date "2020.07.14"]
[Round "1"]
[White "Cocaino74"]
[Black "Monmoransy"]
[Result "1-0"]
[WhiteElo "2343"]
[BlackElo "2631"]
[TimeControl "180+1"]
[EndTime "10:04:56 PDT"]
[Termination "Cocaino74 won by resignation"]

1. e4 c5 2. Nf3 Nc6 3. Bb5 g6 4. Bxc6 bxc6 5. O-O Bg7 6. Re1 Nh6 7. c3 O-O 8. h3 f5 9. e5 Nf7 10. d4 cxd4 11.
cxd4 c5 12. d5 Bb7 13. Nc3 e6 14. Bf4 h6 15. h4 Qb6 16. Rb1 Rfe8 17. d6 c4 18. Nd4 Rac8 19. b4 g5 20. Bh2 f4 21.
Na4 Qa6 22. Nc5 Rxc5 23. bxc5 Nxe5 24. hxg5 Nd3 25. gxh6 Bxd4 26. Qh5 Kh8 27. Qxe8+ Kh7 28. Qxd7+ Kh8 29. Rxb7 1-0

[Event "*** SCC Grand Prix: Titled Tuesday Blitz"]
[Site "Chess.com"]
[Date "2020.07.14"]
[Round "1"]
[White "MIJUAREZ"]
[Black "BogdanDeac"]
[Result "0-1"]
[WhiteElo "2406"]
[BlackElo "2805"]
[TimeControl "180+1"]
[EndTime "10:04:57 PDT"]
[Termination "BogdanDeac won on time"]

1. e4 c5 2. Nf3 d6 3. d4 cxd4 4.
Nxd4 Nf6 5. f3 e5 6. Nb3 d5 7.
Bg5 d4 8. c3 Nc6 9. Bb5 h6 10.
Bxf6 Qxf6 11. cxd4 Bb4+ 12. Nc3 O-O 13. Bxc6 bxc6 14.
dxe5 Qxe5 15. Qd4 Qe7 16. O-O Be6 17. Kh1 a5 18. Na4 Rfd8 19. Qe3 Bc4 20. Rfd1 Bb5 21. Nb6 Rxd1+ 22. Rxd1 Rd8 23. Rxd8+ Qxd8 24. a3 Qd1+ 25.
Qg1 Qxb3 26. axb4 axb4 27. Qc1 Qd3 28. h3 Qd4 29. Nc8 Kf8 0-1

[Event "*** SCC Grand Prix: Titled Tuesday Blitz"]
[Site "Chess.com"]
[Date "2020.07.14"]
[Round "1"]
[White "Quiet_Desperation"]
[Black "suyu28"]
[Result "0-1"]
[WhiteElo "2224"]
[BlackElo "2555"]
[TimeControl "180+1"]
[EndTime "10:04:57 PDT"]
[Termination "suyu28 won by resignation"]

1. d4 d5 2. Nf3 Nf6 3. c4 c6 4.
Nc3 e6 5. Bf4 dxc4 6. a4 Nd5 7.
Bd2 b5 8. e4 Nxc3 9. bxc3 Bb7 10. Ne5 a6 11. g3 Nd7 12. Nxd7 Qxd7 13. Bg2 c5 14. O-O cxd4 15. cxd4 b4 16. Qe2 c3 17.
Be3 a5 18. Rfd1 Be7 19. d5 exd5 20. exd5 O-O 21. d6 Bf6 22. Bd4 Rfe8 23. Qd3 Bxg2 24. Kxg2 Qxd6 0-1

[Event "*** SCC Grand Prix: Titled Tuesday Blitz"]
[Site "Chess.com"]
[Date "2020.07.14"]
[Round "1"]
[White "Igor_Lysyj"]
[Black "kingofthenil"]
[Result "1-0"]
[WhiteElo "2807"]
[BlackElo "2408"]
[TimeControl "180+1"]
[EndTime "10:04:58 PDT"]
[Termination "Igor_Lysyj won by resignation"]

1. d4 e5 2. dxe5 Nc6 3. Nf3 d6 4. exd6 Bxd6 5. g3 Nf6 6. Bg2 Bg4 7. O-O Qe7 8. Nc3 O-O-O 9. Qe1 Nb4 10. Nb5 Nxc2 11.
Qa5 Nxa1 12. Qxa7 Qxe2 13. Nfd4 Qc4 14. Qxb7+ Kd7 15. Re1 Be6 16. Bc6+ Ke7 17. Nf5+ Kf8 18. Nbxd6 Rxd6 19. Qb8+ Rd8 20. Qxd8+ 1-0

[Event "*** SCC Grand Prix: Titled Tuesday Blitz"]
[Site "Chess.com"]
[Date "2020.07.14"]
[Round "1"]
[White "bratkoo"]
[Black "Na_binci"]
[Result "1-0"]
[WhiteElo "2463"]
[BlackElo "1979"]
[TimeControl "180+1"]
[EndTime "10:04:58 PDT"]
[Termination "bratkoo won by resignation"]

1. Nf3 Nf6 2. d4 g6 3. g3 Bg7 4. Bg2 O-O 5. O-O d6 6. c4 c5 7.
Nc3 Nc6 8. d5 Na5 9. Nd2 a6 10.
e4 Rb8 11. Qe2 b5 12. cxb5 axb5 13. Rd1 Ba6 14. a3 Nd7 15. Ndb1 Qb6 16. b4 Nc4 17. Ra2 h5 18. Kh1 Nde5 19. f4 Ng4 20. h3 cxb4 21. axb4 Nf2+ 22. Qxf2 1-0

[Event "*** SCC Grand Prix: Titled Tuesday Blitz"]
[Site "Chess.com"]
[Date "2020.07.14"]
[Round "1"]
[White "albi1999"]
[Black "NefeLV"]
[Result "1-0"]
[WhiteElo "2457"]
[BlackElo "1829"]
[TimeControl "180+1"]
[EndTime "10:04:58 PDT"]
[Termination "albi1999 won by resignation"]

1. d4 g6 2. e4 Bg7 3. Nf3 d5 4.
exd5 Nf6 5. Nc3 Nxd5 6. Bc4 c6 7. O-O O-O 8. h3 Nxc3 9. bxc3 Nd7 10. Bb3 Nb6 11.
Re1 Bf5 12. c4 Be6 13. Qe2 Re8 14. Bb2 Qc8 15. Rad1 a5 16. a3 Qc7 17. d5 cxd5 18. Bxg7 Kxg7 19. cxd5 Bf5 20. Nd4 Bd7 21. Qe5+ Qxe5 22.
Rxe5 a4 23. Ba2 Rac8 24. Rde1 Bf5 25. Rxe7 Rxe7 26. Rxe7 Bxc2 27. d6 Nc4 28. d7 Rd8 29.
Bxc4 Kf6 30. Rxf7+ Ke5 31. Ne6 1-0

[Event "*** SCC Grand Prix: Titled Tuesday Blitz"]
[Site "Chess.com"]
[Date "2020.07.14"]
[Round "1"]
[White "Eternauta2400"]
[Black "ItsCheckM8Mate"]
[Result "1-0"]
[WhiteElo "2589"]
[BlackElo "2256"]
[TimeControl "180+1"]
[EndTime "10:04:59 PDT"]
[Termination "Eternauta2400 won by checkmate"]

1. c4 Nf6 2. Nc3 e5 3. Nf3 Nc6 4. e4 Bc5 5. Nxe5 Nxe5 6. d4 Bb4 7. dxe5 Nxe4 8. Qf3 Nxc3 9. bxc3 Bc5 10. Qg3 g6 11. Bh6 Bf8 12. Bxf8 Kxf8 13. Bd3 Kg7 14. O-O b6 15. f4 Re8 16. f5 d5 17. f6+ Kh8 18. Qf4 Ba6 19. Qh6 Rg8 20. Rf3 Qf8 21. Qh4 Bxc4 22.
Rh3 h5 23. Qxh5+ gxh5 24. Rxh5+ Qh6 25. Rxh6# 1-0

[Event "*** SCC Grand Prix: Titled Tuesday Blitz"]
[Site "Chess.com"]
[Date "2020.07.14"]
[Round "1"]
[White "Rap_woyska"]
[Black "Bulldog167"]
[Result "0-1"]
[WhiteElo "2362"]
[BlackElo "2698"]
[TimeControl "180+1"]
[EndTime "10:05:00 PDT"]
[Termination "Bulldog167 won by resignation"]

1. c4 e6 2. Nf3 d5 3. e3 Nf6 4. b3 c5 5. Bb2 Nc6 6. cxd5 exd5 7. Bb5 Bd6 8. O-O O-O 9. d4 Bg4 10. dxc5 Bxc5 11. Be2 Re8 12. Nc3 a6 13. Na4 Ba7 14. Nd4 Bxd4 15. Bxg4 Bxb2 16. Nxb2 d4 17. Nc4 b5 18.
Bf3 Rc8 19. Bxc6 Rxc6 20. Qf3 Rce6 21. Nb2 dxe3 22. fxe3 Rxe3 23. Qc6 Qd4 24. Rad1 Qxb2 0-1

[Event "*** SCC Grand Prix: Titled Tuesday Blitz"]
[Site "Chess.com"]
[Date "2020.07.14"]
[Round "1"]
[White "Gabrielian_Artur"]
[Black "marianokar"]
[Result "1-0"]
[WhiteElo "2804"]
[BlackElo "2405"]
[TimeControl "180+1"]
[EndTime "10:05:01 PDT"]
[Termination "Gabrielian_Artur won by resignation"]

1. e4 e5 2. Nc3 Nf6 3. g3 Nc6 4.
Bg2 Bc5 5. Nge2 d6 6. d3 a6 7. O-O O-O 8. h3 Be6 9. Kh2 d5 10. f4 dxe4 11. fxe5 exd3 12. exf6 dxe2 13. Qxe2 Re8 14.
Qh5 Bf8 15. fxg7 Bxg7 16. Bg5 f6 17. Rad1 Qe7 18. Be4 Bh8 19. Nd5 Qf7 20. Qh6 1-0

[Event "*** SCC Grand Prix: Titled Tuesday Blitz"]
[Site "Chess.com"]
[Date "2020.07.14"]
[Round "1"]
[White "GadimbayliA"]
[Black "Gulkov_Igor"]
[Result "1-0"]
[WhiteElo "2880"]
[BlackElo "2428"]
[TimeControl "180+1"]
[EndTime "10:05:05 PDT"]
[Termination "GadimbayliA won by resignation"]

1. e4 c5 2. Nf3 d6 3. d4 cxd4 4.
Nxd4 Nf6 5. Nc3 a6 6. g3 e5 7. Nf3 Nc6 8. Bg2 Be7 9. O-O O-O 10.
Nh4 Bg4 11. Qd3 Rc8 12. Nf5 Bxf5 13. exf5 Nb4 14. Qe2 d5 15. a3 d4 16. axb4 dxc3 17.
Bxb7 Rb8 18. Bg2 Bxb4 19. Rxa6 Re8 20. bxc3 Bxc3 21. Bg5 h6 22. Bxf6 gxf6 23. Rd1 Qe7 24. Qh5 Kg7 25. Ra4 Rb4 26. Rxb4 Qxb4 27. Rd7 Re7 28.
Rd8 Bd4 29. Qg4+ 1-0

[Event "*** SCC Grand Prix: Titled Tuesday Blitz"]
[Site "Chess.com"]
[Date "2020.07.14"]
[Round "1"]
[White "ARTHURMOTIVATOR"]
[Black "Aygehovit1992"]
[Result "0-1"]
[WhiteElo "2343"]
[BlackElo "2664"]
[TimeControl "180+1"]
[EndTime "10:05:06 PDT"]
[Termination "Aygehovit1992 won by resignation"]

1. e4 c5 2. b3 g6 3. Bb2 Nf6 4. e5 Nd5 5. d4 Qa5+ 6. c3 cxd4 7. Qxd4 Nc6 8. Qe4 f5 9. exf6 Nxf6 10. Qc2 Bh6 11. Nf3 d5 12. Bd3 e5 13. b4 Qc7 14.
Qe2 e4 15. Bb5 O-O 16. Nd4 Nxd4 17. cxd4 Ng4 18. h3 0-1

[Event "*** SCC Grand Prix: Titled Tuesday Blitz"]
[Site "Chess.com"]
[Date "2020.07.14"]
[Round "1"]
[White "PavelShkapenko"]
[Black "warmoatmeal"]
[Result "1-0"]
[WhiteElo "2603"]
[BlackElo "2297"]
[TimeControl "180+1"]
[EndTime "10:05:08 PDT"]
[Termination "PavelShkapenko won by resignation"]

1. e4 c6 2. d4 d5 3. e5 c5 4.
dxc5 e6 5. a3 Nd7 6. b4 Nxe5 7.
Bb2 Ng6 8. Nf3 Nf6 9. c4 Be7 10. cxd5 Nxd5 11. Bxg7 Rg8 12. Bb2 Bf6 13. Ra2 Bd7 14.
Nbd2 Bxb2 15. Rxb2 Qf6 16. Nc4 O-O-O 17. Qd4 e5 18. Qxd5 Bc6 19. Nd6+ Rxd6 20. Qxd6 Qf5 21. Bd3 e4 22. Nd4 Qg5 23. Nxc6 Qc1+ 24. Ke2 Nf4+ 25. Qxf4 exd3+ 26. Kf3 Qxb2 27. Qb8+ Kd7 28. Qxg8 1-0

[Event "*** SCC Grand Prix: Titled Tuesday Blitz"]
[Site "Chess.com"]
[Date "2020.07.14"]
[Round "1"]
[White "superchess02"]
[Black "PowerThinking2650"]
[Result "1-0"]
[WhiteElo "2655"]
[BlackElo "2338"]
[TimeControl "180+1"]
[EndTime "10:05:09 PDT"]
[Termination "superchess02 won by resignation"]

1. d4 Nf6 2. c4 g6 3. Nc3 Bg7 4.
e4 d6 5. Nf3 O-O 6. Be2 e5 7. O-O Nc6 8. d5 Ne7 9. b4 Nh5 10. Re1 a5 11. bxa5 f5 12. Nd2 Nf4 13. Nb3 fxe4 14. Nxe4 Nf5 15. g3 Nh3+ 16. Kg2 Nd4 17.
Bg4 Bxg4 18. Qxg4 Nf3 19. Rd1 Nf4+ 20. gxf4 Nh4+ 21. Kh3 exf4 22. Qxh4 Qd7+ 23. Qg4 Rf5 24. Kg2 Bxa1 25. Nxa1 Re8 26. Nf6+ 1-0

[Event "*** SCC Grand Prix: Titled Tuesday Blitz"]
[Site "Chess.com"]
[Date "2020.07.14"]
[Round "1"]
[White "csati17"]
[Black "ZverevLev"]
[Result "0-1"]
[WhiteElo "2633"]
[BlackElo "2345"]
[TimeControl "180+1"]
[EndTime "10:05:09 PDT"]
[Termination "ZverevLev won by resignation"]

1. c4 e5 2. g3 Nf6 3. Bg2 d5 4. cxd5 Nxd5 5. Nc3 Nb6 6. Nf3 Nc6 7. O-O Be7 8. a3 O-O 9. b4 a6 10. d3 Be6 11. Bb2 Qd7 12. Ne4 h6 13. Nxe5 Nxe5 14.
Bxe5 Bh3 15. Rc1 Bxg2 16. Kxg2 f5 17. Bxc7 Nd5 18. Qb3 Qe6 19. Nd2 f4 20. Bxf4 Kh8 21. Rc4 Qxe2 22. Nf3 Rxf4 23. Rxf4 Ne3+ 0-1

[Event "*** SCC Grand Prix: Titled Tuesday Blitz"]
[Site "Chess.com"]
[Date "2020.07.14"]
[Round "1"]
[White "iverichighladze"]
[Black "JonahWillow"]
[Result "0-1"]
[WhiteElo "2381"]
[BlackElo "2714"]
[TimeControl "180+1"]
[EndTime "10:05:11 PDT"]
[Termination "JonahWillow won by resignation"]

1. d4 Nf6 2. c4 e6 3. Nc3 c5 4. d5 exd5 5. cxd5 d6 6. e4 g6 7. Be3 Bg7 8. Bd3 O-O 9. Nge2 Re8 10. Ng3 a6 11. a4 Nbd7 12. O-O Rb8 13. Qd2 Ng4 14. Bf4 Nge5 15. Bc2 b5 16. axb5 axb5 17.
Rfe1 Nc4 18. Qc1 Nxb2 19. Qxb2 b4 20. Nge2 bxc3 21. Qa3 Rb2 22. Rac1 Ne5 23. Qxc3 Qb6 24. Qg3 Ba6 25. h3 Qa5 26. Nc3 Reb8 27. Nd1 Rxc2 28.
Ne3 Rxc1 29. Rxc1 Nd3 30. Bxd6 Nxc1 0-1

[Event "*** SCC Grand Prix: Titled Tuesday Blitz"]
[Site "Chess.com"]
[Date "2020.07.14"]
[Round "1"]
[White "BillieKimbah"]
[Black "londonkid"]
[Result "1-0"]
[WhiteElo "2892"]
[BlackElo "2432"]
[TimeControl "180+1"]
[EndTime "10:05:12 PDT"]
[Termination "BillieKimbah won by resignation"]

1. d4 Nf6 2. g3 e6 3. Bg2 Be7 4. e4 c5 5. d5 d6 6. dxe6 Bxe6 7.
Nc3 Nc6 8. Nf3 O-O 9. O-O a6 10. h3 h6 11. Bf4 Qd7 12. Kh2 Rfd8 13. Re1 b5 14. Nd5 Rab8 15. c3 b4 16. Qd2 bxc3 17.
bxc3 Na5 18. Rad1 Nc4 19. Qe2 Nb6 20. Nxf6+ Bxf6 21. Rxd6 Qe7 22. e5 Bg5 23. Nxg5 hxg5 24. Be3 Rxd6 25. exd6 Qxd6 26. Bxg5 Bc4 27. Qg4 Qg6 28. Be4 Be6 29. Qf4 1-0

[Event "*** SCC Grand Prix: Titled Tuesday Blitz"]
[Site "Chess.com"]
[Date "2020.07.14"]
[Round "1"]
[White "pfalcon1949"]
[Black "Nikithebest"]
[Result "0-1"]
[WhiteElo "2072"]
[BlackElo "2477"]
[TimeControl "180+1"]
[EndTime "10:05:14 PDT"]
[Termination "Nikithebest won by resignation"]

1. d4 d5 2. c4 e6 3. Nc3 a6 4.
Nf3 dxc4 5. e3 b5 6. a4 b4 7. Ne4 Bb7 8. Ng3 Nf6 9. Bxc4 c5 10.
b3 Nc6 11. O-O Be7 12. Bb2 O-O 13. dxc5 Bxc5 14. Qxd8 Rfxd8 15. Bxf6 gxf6 16. Rad1 Na5 17. Rc1 Nxc4 18. Rxc4 Bd6 19. e4 Rac8 20. Rfc1 Rxc4 21. Rxc4 Kf8 22. Kf1 Ke7 23. Ke2 a5 24. Rd4 Ba6+ 25. Ke1 Rc8 26. Kd1 Rc3 27. Nd2 Bf4 28. Ne2 Bxd2 29. Nxc3 Bxc3 0-1

[Event "*** SCC Grand Prix: Titled Tuesday Blitz"]
[Site "Chess.com"]
[Date "2020.07.14"]
[Round "1"]
[White "FairChess_on_YouTube"]
[Black "r31415"]
[Result "1-0"]
[WhiteElo "2991"]
[BlackElo "2442"]
[TimeControl "180+1"]
[EndTime "10:05:16 PDT"]
[Termination "FairChess_on_YouTube won by resignation"]

1. e4 d6 2. d4 Nf6 3. Nc3 g6 4. f3 c6 5. Be3 b5 6. Qd2 Nbd7 7.
Bd3 Qc7 8. Nge2 Bb7 9. O-O-O Bg7 10. Bh6 O-O 11. Ng3 Rfd8 12. h4 e5 13. Bxg7 Kxg7 14. h5 exd4 15. Nce2 d5 16. Qg5 Qe5 17. Nf5+ Kg8 18. hxg6 fxg6 19. exd5 Nxd5 20. Nexd4 Nf8 21. Nh6+ 1-0

[Event "*** SCC Grand Prix: Titled Tuesday Blitz"]
[Site "Chess.com"]
[Date "2020.07.14"]
[Round "1"]
[White "memer5334"]
[Black "x-3738459472"]
[Result "1-0"]
[WhiteElo "2242"]
[BlackElo "2540"]
[TimeControl "180+1"]
[EndTime "10:05:16 PDT"]
[Termination "memer5334 won by resignation"]

1. d4 Nf6 2. c4 c5 3. d5 e5 4.
dxe6 fxe6 5. Nc3 d5 6. cxd5 exd5 7. Bg5 d4 8. Ne4 Be7 9. Nxf6+ Bxf6 10. Bxf6 Qxf6 11.
Qc1 O-O 12. Nf3 Bg4 13. h3 Bxf3 14. exf3 Re8+ 15. Be2 Nc6 16. Qc4+ Kh8 17. O-O Ne5 18. Qa4 d3 19. Bd1 a6 20. f4 Ng6 21.
Bf3 b5 22. Qa3 Rac8 23. Qxd3 Nxf4 24. Qd7 Nxh3+ 25. Qxh3 Rcd8 26. Rad1 Qxb2 27. Be4 g6 28. Bxg6 1-0

[Event "*** SCC Grand Prix: Titled Tuesday Blitz"]
[Site "Chess.com"]
[Date "2020.07.14"]
[Round "1"]
[White "MateSchmate"]
[Black "KobyKalavannan"]
[Result "0-1"]
[WhiteElo "2390"]
[BlackElo "2744"]
[TimeControl "180+1"]
[EndTime "10:05:17 PDT"]
[Termination "KobyKalavannan won by checkmate"]

1. e4 c5 2. Be2 Nc6 3. f4 g6 4.
Nf3 Bg7 5. d3 e6 6. c3 Nge7 7.
Be3 b6 8. O-O d5 9. Na3 O-O 10.
Nc2 Bb7 11. Qe1 Rc8 12. Rd1 d4 13. Bd2 b5 14. g4 Qb6 15. Kh1 Rcd8 16. Qh4 f6 17. Nfe1 Qc7 18. Rf3 Rf7 19. Rh3 Bf8 20. cxd4 cxd4 21. Rc1 f5 22. gxf5 exf5 23. Nf3 fxe4 24.
Ng5 Nf5 25. Qg4 e3 26. Be1 Ne5+ 27. Kg1 Nxg4 28. Nxf7 Nf2 29. Rxh7 Kxh7 30. Nxd8 Nh3+ 31.
Kf1 Qxf4+ 32. Bf3 Qxf3+ 33. Bf2 Qxf2# 0-1

[Event "*** SCC Grand Prix: Titled Tuesday Blitz"]
[Site "Chess.com"]
[Date "2020.07.14"]
[Round "1"]
[White "talman67"]
[Black "savagemedusa"]
[Result "1-0"]
[WhiteElo "2488"]
[BlackElo "2101"]
[TimeControl "180+1"]
[EndTime "10:05:17 PDT"]
[Termination "talman67 won by resignation"]

1. e4 g6 2. d4 Bg7 3. Nc3 d6 4. Be3 a6 5. Qd2 b5 6. f3 Nd7 7.
h4 h5 8. Nh3 Bb7 9. Ng5 Rc8 10.
O-O-O c5 11. dxc5 Nxc5 12. a3 Qa5 13. Kb1 b4 14. Na2 Bxb2 15. Kxb2 Qxa3+ 16. Kb1 Na4 17. Qc1 Qxc1+ 18. Bxc1 b3 19. cxb3 Nc5 20. Bc4 e6 21.
Bb2 Rh6 22. Rxd6 Ne7 23. Rhd1 Nc6 24. Bf6 a5 25. Bb5 Nxb3 26. Rd8+ 1-0

[Event "*** SCC Grand Prix: Titled Tuesday Blitz"]
[Site "Chess.com"]
[Date "2020.07.14"]
[Round "1"]
[White "pavelalexandru07"]
[Black "WildTricks"]
[Result "0-1"]
[WhiteElo "2139"]
[BlackElo "2509"]
[TimeControl "180+1"]
[EndTime "10:05:18 PDT"]
[Termination "WildTricks won by resignation"]

1. e4 c5 2. Nf3 d6 3. d4 cxd4 4. Nxd4 Nf6 5. Nc3 a6 6. Bg5 Nbd7 7. f4 Qc7 8. Qe2 e6 9. O-O-O b5 10. a3 Rb8 11. g4 Be7 12. Bh4 h6 13. Bg3 b4 14.
axb4 Rxb4 15. h4 Bb7 16. Bg2 h5 17. g5 Ng4 18. Rhe1 Qb6 19. Nb3 a5 20. f5 a4 21.
Nd5 exd5 22. exd5 Nde5 23. Bxe5 Nxe5 24. Nd2 Rxb2 25. Nc4 Rb1+ 26. Kd2 Qb4+ 27. c3 Nxc4+ 28. Kd3 Rxd1+ 0-1

[Event "*** SCC Grand Prix: Titled Tuesday Blitz"]
[Site "Chess.com"]
[Date "2020.07.14"]
[Round "1"]
[White "aNaartjieZA"]
[Black "AJSC02"]
[Result "1-0"]
[WhiteElo "2488"]
[BlackElo "2106"]
[TimeControl "180+1"]
[EndTime "10:05:21 PDT"]
[Termination "aNaartjieZA won by resignation"]

1. e4 c5 2. Nf3 Nc6 3. g3 g6 4. Bg2 Bg7 5. O-O d6 6. c3 Nf6 7. Re1 O-O 8. d3 Bg4 9. h3 Bd7 10. a3 Qc8 11. Kh2 b5 12. Nbd2 a5 13. a4 b4 14. d4 Rb8 15. d5 Ne5 16. Nxe5 dxe5 17. Nc4 Qc7 18. f4 Nh5 19. f5 bxc3 20. bxc3 Nxg3 21.
Kxg3 gxf5 22. d6 f4+ 23. Kh2 Qd8 24. Ba3 exd6 25. Qxd6 Qh4 26. Qxd7 Qg3+ 27. Kh1 f3 28. Rg1 fxg2+ 29. Rxg2 Qxc3 30. Rag1 Kh8 31. Rxg7 Qxc4 32. Qf5 1-0